[Event "DEN-chT XtraCon 2018-19"]
[Site "Denmark"]
[Date "2019.03.16"]
[Round "8"]
[White "Schandorf, Lars"]
[Black "Rasmussen, Allan Stig"]
[Result "1/2-1/2"]
[ECO "A28"]
[WhiteElo "2496"]
[BlackElo "2547"]
[Annotator "ChessBase"]
[PlyCount "68"]
[EventDate "2018.10.27"]
[EventType "team-tourn"]
[EventCountry "DEN"]
[SourceTitle "playchess.com"]
[Source "ChessBase"]
[SourceQuality "1"]
[TimeControl "40/5400+30:1800+30"]

1. c4 e5 2. Nc3 Nf6 3. Nf3 Nc6 4. e3 d6 5. d4 g6 6. Be2 exd4 7. Nxd4 Nxd4 8. exd4 Bg7 9. O-O O-O 10. Be3 Re8 11. Qd2 c6 12. Rfe1 Be6 13. Bg5 Qb6 14. Rad1 Bf5 15. Bf3 h6 16. Bf4 Qb4 17. Be2 Rad8 18. Ne4 Qxd2 19. Nxf6+ Bxf6 20. Rxd2 c5 21. dxc5 dxc5 22. Red1 Rxd2 23. Rxd2 Kg7 24. Be3 b6 25. g3 Rd8 26. Rxd8 Bxd8 27. a3 Bf6 28. b4 cxb4 29. axb4 a5 30. c5 axb4 31. cxb6 b3 32. b7 b2 33. b8=Q b1=Q+ 34. Qxb1 Bxb1 1/2-1/2

[Event "DEN-chT XtraCon 2018-19"]
[Site "Denmark"]
[Date "2019.03.16"]
[Round "8"]
[White "Danielsen, Henrik"]
[Black "Boe, Mads"]
[Result "1-0"]
[ECO "B10"]
[WhiteElo "2493"]
[BlackElo "2295"]
[Annotator "ChessBase"]
[PlyCount "71"]
[EventDate "2018.10.27"]
[EventType "team-tourn"]
[EventCountry "DEN"]
[SourceTitle "playchess.com"]
[Source "ChessBase"]
[SourceQuality "1"]
[TimeControl "40/5400+30:1800+30"]

1. e4 c6 2. d3 d5 3. Nf3 dxe4 4. dxe4 Qxd1+ 5. Kxd1 Bg4 6. Be3 Nf6 7. Bd3 Nbd7 8. Nbd2 e6 9. Ke2 Bc5 10. h3 Bxf3+ 11. Kxf3 Bxe3 12. Kxe3 Ke7 13. f4 e5 14. g3 Ne8 15. Nc4 f6 16. Rhd1 Nd6 17. Na5 Rac8 18. Rd2 Nc5 19. b4 Nxd3 20. cxd3 c5 21. b5 g5 22. fxe5 fxe5 23. Nc4 Ke6 24. Nxd6 Kxd6 25. Rf1 Rhf8 26. Rf5 Rxf5 27. exf5 Kd5 28. Rf2 Rf8 29. g4 Rf6 30. a4 b6 31. Rf1 Rf7 32. a5 Rf6 33. axb6 axb6 34. Rf2 Rf7 35. Ra2 Rf6 36. Ra7 1-0

[Event "DEN-chT XtraCon 2018-19"]
[Site "Denmark"]
[Date "2019.03.16"]
[Round "8"]
[White "Moller Ochsner, Bjorn"]
[Black "Banusz, Tamas"]
[Result "1/2-1/2"]
[ECO "C91"]
[WhiteElo "2483"]
[BlackElo "2614"]
[Annotator "ChessBase"]
[PlyCount "68"]
[EventDate "2018.10.27"]
[EventType "team-tourn"]
[EventCountry "DEN"]
[SourceTitle "playchess.com"]
[Source "ChessBase"]
[SourceQuality "1"]
[TimeControl "40/5400+30:1800+30"]

1. e4 e5 2. Nf3 Nc6 3. Bb5 a6 4. Ba4 Nf6 5. O-O Be7 6. Re1 b5 7. Bb3 d6 8. c3 O-O 9. d4 Bg4 10. Be3 exd4 11. cxd4 Na5 12. Bc2 c5 13. h3 Bh5 14. Nbd2 cxd4 15. Bxd4 Nc6 16. Be3 d5 17. exd5 Nxd5 18. Qb1 Bg6 19. Bxg6 hxg6 20. a4 Rc8 21. axb5 axb5 22. Ne4 Nxe3 23. Rxe3 Nb4 24. Nc3 Bc5 25. Re2 Re8 26. Rxe8+ Qxe8 27. Qf1 Rd8 28. Rd1 Rxd1 29. Qxd1 f6 30. Kf1 Qe6 31. Nxb5 Qc4+ 32. Qe2 Nd3 33. Ne1 Nxb2 34. Qxc4+ Nxc4 1/2-1/2

[Event "DEN-chT XtraCon 2018-19"]
[Site "Denmark"]
[Date "2019.03.16"]
[Round "8"]
[White "Hector, Jonny"]
[Black "Rodgaard, John"]
[Result "1/2-1/2"]
[ECO "C15"]
[WhiteElo "2468"]
[BlackElo "2281"]
[Annotator "ChessBase"]
[PlyCount "94"]
[EventDate "2018.10.27"]
[EventType "team-tourn"]
[EventCountry "DEN"]
[SourceTitle "playchess.com"]
[Source "ChessBase"]
[SourceQuality "1"]
[TimeControl "40/5400+30:1800+30"]

1. e4 e6 2. d4 d5 3. Nc3 Bb4 4. Bd3 dxe4 5. Bxe4 Nf6 6. Bf3 c5 7. Nge2 Nc6 8. Be3 cxd4 9. Nxd4 Bxc3+ 10. bxc3 Ne5 11. Nb5 Qa5 12. Be2 O-O 13. Qd6 Nc6 14. O-O Nd5 15. c4 Nxe3 16. fxe3 e5 17. Rad1 Be6 18. Qc7 Rfc8 19. Qxa5 Nxa5 20. Nd6 Rc7 21. Rd2 g6 22. Rb1 b6 23. Rb5 Bxc4 24. Rxa5 Bxe2 25. Rxe5 Bc4 26. Nxc4 Rxc4 27. Re7 a5 28. Rb7 Rc6 29. h4 Rf6 30. Rc7 Re8 31. Rc3 Re4 32. Rd4 Rxd4 33. exd4 Rf4 34. Rc8+ Kg7 35. c3 b5 36. g3 Rf3 37. Kg2 Rd3 38. Kh3 h5 39. Rc5 b4 40. cxb4 axb4 41. Rc4 b3 42. axb3 Rxb3 43. Kg2 Rd3 44. Ra4 Kf6 45. Ra6+ Kf5 46. Ra5+ Ke6 47. Ra6+ Kf5 1/2-1/2

[Event "DEN-chT XtraCon 2018-19"]
[Site "Denmark"]
[Date "2019.03.16"]
[Round "8"]
[White "Mikkelsen, Nikolaj"]
[Black "Teplyi, Igor"]
[Result "1/2-1/2"]
[ECO "B51"]
[WhiteElo "2459"]
[BlackElo "2417"]
[Annotator "ChessBase"]
[PlyCount "36"]
[EventDate "2018.10.27"]
[EventType "team-tourn"]
[EventCountry "DEN"]
[SourceTitle "playchess.com"]
[Source "ChessBase"]
[SourceQuality "1"]
[TimeControl "40/5400+30:1800+30"]

1. e4 c5 2. Nf3 d6 3. Bb5+ Nd7 4. O-O a6 5. Bd3 Ngf6 6. Qe2 g6 7. c3 Bh6 8. Bc2 O-O 9. d4 Bxc1 10. Rxc1 e5 11. Nbd2 cxd4 12. cxd4 exd4 13. Qc4 Ne5 14. Qxd4 Qe7 15. Bb3 Bg4 16. Nxe5 dxe5 17. Qc5 Qxc5 18. Rxc5 Rad8 1/2-1/2

[Event "DEN-chT XtraCon 2018-19"]
[Site "Denmark"]
[Date "2019.03.16"]
[Round "8"]
[White "Pilgaard, Kim"]
[Black "Vinther-Schou, Uffe"]
[Result "1-0"]
[ECO "E20"]
[WhiteElo "2416"]
[BlackElo "2357"]
[Annotator "ChessBase"]
[PlyCount "65"]
[EventDate "2018.10.27"]
[EventType "team-tourn"]
[EventCountry "DEN"]
[SourceTitle "playchess.com"]
[Source "ChessBase"]
[SourceQuality "1"]
[TimeControl "40/5400+30:1800+30"]

1. d4 Nf6 2. c4 e6 3. Nc3 Bb4 4. e3 O-O 5. Bd3 c5 6. Nf3 Nc6 7. O-O Bxc3 8. bxc3 d6 9. Re1 e5 10. Nd2 Re8 11. d5 e4 12. Nxe4 Nxe4 13. dxc6 Qh4 14. Qc2 bxc6 15. Rd1 Nf6 16. f3 d5 17. Rb1 Be6 18. Bf1 Nd7 19. cxd5 cxd5 20. Bb5 Red8 21. Ba3 Rac8 22. Ba6 Rc7 23. e4 Nb6 24. exd5 Nxd5 25. Qe4 Qf6 26. Rbc1 Bf5 27. Qe1 Nf4 28. Rxd8+ Qxd8 29. Qe5 Nd3 30. Rd1 Bg6 31. Bxd3 Re7 32. Qxc5 Rd7 33. Re1 1-0

[Event "DEN-chT XtraCon 2018-19"]
[Site "Denmark"]
[Date "2019.03.16"]
[Round "8"]
[White "Hansen, Mads"]
[Black "Chatalbashev, Boris"]
[Result "0-1"]
[ECO "B06"]
[WhiteElo "2413"]
[BlackElo "2525"]
[Annotator "ChessBase"]
[PlyCount "80"]
[EventDate "2018.10.27"]
[EventType "team-tourn"]
[EventCountry "DEN"]
[SourceTitle "playchess.com"]
[Source "ChessBase"]
[SourceQuality "1"]
[TimeControl "40/5400+30:1800+30"]

1. e4 g6 2. d4 Bg7 3. Nf3 d6 4. Bc4 Nf6 5. Qe2 O-O 6. e5 dxe5 7. dxe5 Nd5 8. O-O c6 9. h3 Be6 10. a4 Nd7 11. Na3 Qc7 12. Re1 a6 13. Bd2 b5 14. Ba2 Rfb8 15. a5 c5 16. c4 Nb4 17. Bb1 bxc4 18. Nxc4 Rb5 19. Ng5 Nf8 20. Be4 Rd8 21. Bc3 Nd5 22. Nxe6 Nxe6 23. Bxd5 Rxd5 24. Qe4 Qd8 25. Nd6 Rd4 26. Bxd4 exd6 27. Bc3 d5 28. Qc2 d4 29. Rad1 Qd5 30. Bd2 d3 31. Qc1 Bxe5 32. Bc3 Bxc3 33. Qxc3 c4 34. Qf6 Qf5 35. Qe7 Rxb2 36. Qa7 c3 37. Qe3 d2 38. Rf1 Qc5 39. Kh2 Qxe3 40. fxe3 Nc5 0-1

[Event "DEN-chT XtraCon 2018-19"]
[Site "Denmark"]
[Date "2019.03.16"]
[Round "8"]
[White "Percivaldi, Martin"]
[Black "Munk, Kai"]
[Result "*"]
[ECO "D78"]
[WhiteElo "2389"]
[BlackElo "1958"]
[Annotator "NA"]
[PlyCount "81"]
[EventDate "2018.10.27"]
[EventType "team-tourn"]
[EventCountry "DEN"]
[SourceTitle "playchess.com"]
[Source "ChessBase"]
[SourceQuality "1"]
[TimeControl "40/5400+30:1800+30"]

1. Nf3 Nf6 2. g3 g6 3. Bg2 Bg7 4. d4 d5 5. c4 c6 6. O-O O-O 7. Qb3 e6 8. Nc3 Nbd7 9. Bf4 {[%emt 0:04:19] D78: Fianchetto Grünfeld: 6 0-0 c6} Qb6 (9... b6 10. cxd5 exd5 11. Rfe1 Bb7 12. a4 c5 13. Bd6 c4 14. Qa3 Re8 15. Nd2 Rc8 16. a5 h5 {1-0 (78) Gordievsky,D (2622)-Korobov,A (2652) Wijk aan Zee 2018}) 10. c5 Qxb3 11. axb3 b6 12. cxb6 $146 ({Predecessor:} 12. Bd6 Re8 13. b4 b5 14. Rfe1 Bb7 15. Ne5 a6 16. e4 Bf8 17. Bxf8 Kxf8 18. exd5 exd5 {½-½ (46) Simon,L (1936)-Ongut,T (1531) Budapest 2014}) 12... Nxb6 13. Bd6 Re8 14. Ra5 Nfd7 15. Rfa1 a6 16. e3 Bf8 17. Bxf8 Kxf8 18. Bf1 Nb8 19. Na2 Re7 20. Ne5 Rea7 21. Nb4 Bb7 22. Rc1 N6d7 23. Ned3 Ke7 24. g4 g5 25. Be2 Kd6 26. h4 h6 27. Kg2 Bc8 28. hxg5 hxg5 29. Rh1 Rc7 30. Rh7 f6 31. Nc5 Rca7 $2 (31... Nf8 $16 32. Rh6 Nbd7) 32. Rf7 e5 33. f3 Nxc5 34. dxc5+ Ke6 35. Rf8 Bb7 36. Rh8 Nd7 37. Rh7 Nf8 38. Rc7 Rc8 39. Rg7 f5 40. Bxa6 Nd7 41. gxf5+ $18 *

[Event "DEN-chT XtraCon 2018-19"]
[Site "Denmark"]
[Date "2019.03.16"]
[Round "8"]
[White "Lindgren, Philip"]
[Black "Bank, Pelle"]
[Result "1/2-1/2"]
[ECO "D70"]
[WhiteElo "2383"]
[BlackElo "2298"]
[Annotator "NA"]
[PlyCount "58"]
[EventDate "2018.10.27"]
[EventType "team-tourn"]
[EventCountry "DEN"]
[SourceTitle "playchess.com"]
[Source "ChessBase"]
[SourceQuality "1"]
[TimeControl "40/5400+30:1800+30"]

1. d4 Nf6 2. c4 g6 3. Nf3 Bg7 4. Nc3 O-O 5. Bg5 c6 6. e3 a6 7. Be2 b5 8. a3 bxc4 9. Bxc4 a5 10. O-O Ba6 11. Bxa6 Nxa6 12. Qe2 Nc7 13. Rac1 Rb8 14. Rc2 Ne6 15. Bh4 Rb7 16. h3 Qa8 17. Rfc1 Qa7 18. Na4 h6 $14 19. Bxf6 Bxf6 20. Nc5 Nxc5 21. Rxc5 Rfb8 22. R1c2 Rb3 23. Ne1 Qb6 24. Nd3 Qa6 25. R5c4 d6 26. Nc1 R3b6 27. Nd3 Rb3 28. Nc1 R3b6 29. Nd3 Rb3 1/2-1/2

[Event "DEN-chT XtraCon 2018-19"]
[Site "Denmark"]
[Date "2019.03.16"]
[Round "8"]
[White "Skytte, Rasmus"]
[Black "Hoi, Carsten"]
[Result "1-0"]
[ECO "B06"]
[WhiteElo "2372"]
[BlackElo "2359"]
[Annotator "NA"]
[PlyCount "57"]
[EventDate "2018.10.27"]
[EventType "team-tourn"]
[EventCountry "DEN"]
[SourceTitle "playchess.com"]
[Source "ChessBase"]
[SourceQuality "1"]
[TimeControl "40/5400+30:1800+30"]

1. e4 g6 2. d4 Bg7 3. Bc4 c6 4. Nc3 d5 5. exd5 b5 6. Bb3 b4 7. Nce2 cxd5 8. Nf3 Nf6 9. O-O O-O 10. Ne5 Bb7 11. a3 bxa3 12. Rxa3 Nbd7 13. Bf4 {[%emt 0:03:26] B06: Modern Defence} Nh5 $146 ({Predecessor:} 13... Nxe5 14. Bxe5 Ne4 15. Bxg7 Kxg7 16. Nf4 e6 17. Qe2 Qf6 18. Qe3 Rfb8 19. Rfa1 a6 20. Nd3 Bc8 {1-0 (47) Ftacnik,L (2610)-Schneider,B (2420) Vienna 1996}) 14. Nxd7 Qxd7 15. Be3 Nf6 16. Nc3 Ne4 17. Nxe4 dxe4 18. Qa1 a6 19. Rd1 Kh8 (19... e6 $14) 20. Ra5 f5 21. Bf4 Rad8 22. Qa3 $16 e3 23. fxe3 Qc6 24. Rd2 Rxd4 25. Bd5 Rxd5 26. Raxd5 Qb6 27. Rd7 g5 28. Qxe7 Qxb2 29. Rd8 1-0

[Event "DEN-chT XtraCon 2018-19"]
[Site "Denmark"]
[Date "2019.03.16"]
[Round "8"]
[White "Aabling-Thomsen, Jakob"]
[Black "Skytte Hagen, Andreas"]
[Result "0-1"]
[ECO "E90"]
[WhiteElo "2369"]
[BlackElo "2367"]
[Annotator "NA"]
[PlyCount "116"]
[EventDate "2018.10.27"]
[EventType "team-tourn"]
[EventCountry "DEN"]
[SourceTitle "playchess.com"]
[Source "ChessBase"]
[SourceQuality "1"]
[TimeControl "40/5400+30:1800+30"]

1. c4 Nf6 2. Nc3 g6 3. d4 Bg7 4. e4 d6 5. Nf3 O-O 6. Be3 e5 7. dxe5 dxe5 8. Qxd8 Rxd8 9. Nd5 Na6 10. O-O-O Bg4 {[%emt 0:15:59] E90: King's Indian: Classical: Early deviations and 6 h3} 11. Bg5 Rd6 12. Bxf6 Bxf6 13. Be2 {[%emt 0:00:57] [#]} Bxf3 $146 ({Predecessor:} 13... Kg7 14. Nd4 Bg5+ 15. Kb1 exd4 16. Bxg4 {0-1 (49) Pshmahov,O (2075)-Iljiushenok,I (2517) Samara 2017}) 14. Bxf3 Bg5+ 15. Kb1 c6 16. h4 Bd8 17. Ne3 Rxd1+ 18. Bxd1 Nc5 19. Bc2 Ne6 20. Ng4 Bc7 21. h5 Rd8 22. Kc1 Kg7 23. g3 f6 24. hxg6 hxg6 25. Rd1 Bd6 26. a3 a5 27. Rd3 Nd4 28. Bd1 Rh8 29. f4 Rh1 30. fxe5 Bxe5 31. Nxe5 fxe5 32. Kd2 c5 33. Kc3 Re1 34. b4 b6 35. bxc5 bxc5 36. Kd2 Rxe4 37. Re3 Rxe3 38. Kxe3 Kf6 39. Ke4 Ke6 40. Bg4+ Kd6 41. Bd1 Nf5 42. Kf3 $2 (42. g4 $17 Nh6 43. Bf3) 42... Ke6 43. Kf2 Nd6 44. Be2 e4 45. g4 Kf6 46. Bf1 Kg5 47. Kg3 Nf7 48. Bg2 e3 $19 49. Kf3 Ne5+ 50. Kxe3 Nxc4+ 51. Ke4 Kxg4 52. Bf3+ Kg3 53. Be2 Nxa3 54. Kd3 Kf4 55. Kc3 Ke3 56. Ba6 c4 57. Kb2 Kd2 58. Kxa3 c3 0-1

[Event "DEN-chT XtraCon 2018-19"]
[Site "Denmark"]
[Date "2019.03.16"]
[Round "8"]
[White "Vasli, Aref"]
[Black "Filip Rendboe, John"]
[Result "1/2-1/2"]
[ECO "B32"]
[WhiteElo "2357"]
[BlackElo "2170"]
[Annotator "NA"]
[PlyCount "122"]
[EventDate "2018.10.27"]
[EventType "team-tourn"]
[EventCountry "DEN"]
[SourceTitle "playchess.com"]
[Source "ChessBase"]
[SourceQuality "1"]
[TimeControl "40/5400+30:1800+30"]

1. e4 c5 2. Nf3 Nc6 3. d4 cxd4 4. Nxd4 e5 5. Nb5 Nf6 6. N1c3 d6 7. a4 a6 8. Na3 Bg4 {[%emt 0:00:32] B33: Sicilian: Pelikan and Sveshnikov Variations} 9. Qd3 Nb4 10. Qg3 Be7 11. Bc4 Rc8 $146 ({Predecessor:} 11... Qd7 12. h3 Be6 13. Bxe6 Qxe6 14. Bg5 Nh5 15. Qf3 g6 16. Bxe7 Qxe7 17. Ne2 {0-1 (31) Bubalovic,D (2297)-Csiszar,C (2423) Harkany 2009}) 12. O-O O-O 13. Bb3 Qd7 14. Bg5 Nh5 15. Qh4 Bxg5 16. Qxg5 Nf4 17. f3 (17. Kh1 $15) 17... Be6 18. Rad1 {[%emt 0:02:48] [#]} Nbd3 $1 19. Rxd3 Bxb3 20. Rd2 Bxa4 21. Rfd1 Ne6 22. Qf5 Nd4 23. Qxd7 Bxd7 24. Nd5 Rce8 25. Nb6 Bc6 26. c3 Nb5 27. Nxb5 Bxb5 28. Rxd6 f5 29. exf5 Rxf5 30. Nd5 Bc6 31. Nb4 Bb5 32. Rb6 Rf7 33. b3 Rc8 34. c4 Be8 35. Re6 b5 36. c5 a5 37. Nd5 Kf8 38. Rc1 a4 39. b4 a3 40. Ra6 Bc6 41. Nc3 Rf4 42. Rb1 Rc4 43. Rxa3 Rd8 44. Ne2 e4 45. Kf2 Rd3 46. Rxd3 exd3 47. Nc1 Rxb4 $1 48. Nb3 Kf7 49. Ke3 Bd7 50. Nd2 Rxb1 51. Nxb1 Kf6 52. Nc3 g5 53. Ne4+ Ke5 54. Kxd3 Bf5 55. Kc3 g4 56. Nd6 gxf3 $11 57. Nxf5 fxg2 58. Nh4 g1=N 59. Kb4 Kd5 60. Kxb5 Ne2 61. Nf3 Nc3+ 1/2-1/2

[Event "DEN-chT XtraCon 2018-19"]
[Site "Denmark"]
[Date "2019.03.16"]
[Round "8"]
[White "Christensen, Tobias"]
[Black "Bromann, Thorbjorn"]
[Result "0-1"]
[ECO "C11"]
[WhiteElo "2351"]
[BlackElo "2395"]
[Annotator "NA"]
[PlyCount "118"]
[EventDate "2018.10.27"]
[EventType "team-tourn"]
[EventCountry "DEN"]
[SourceTitle "playchess.com"]
[Source "ChessBase"]
[SourceQuality "1"]
[TimeControl "40/5400+30:1800+30"]

1. e4 e6 2. d4 d5 3. Nc3 Nf6 4. Bg5 dxe4 5. Nxe4 Nbd7 6. Nf3 h6 7. Nxf6+ Nxf6 8. Be3 Nd5 9. Bd2 {[%emt 0:00:49] C10: French with 3 Nc3: Unusual Black 3rd moves and 3...dxe4} c5 10. Bb5+ Bd7 11. Bxd7+ Qxd7 12. c4 Nb6 13. Rc1 cxd4 14. O-O Rc8 15. Ne5 Qd8 16. Re1 Bd6 {[%emt 0:06:23] [#]} 17. b3 $146 Qf6 18. f4 O-O 19. Qh5 Rfd8 20. Ng4 Qf5 21. Qxf5 exf5 22. Ne5 Bxe5 23. Rxe5 g6 24. Ba5 Rd5 25. Rce1 Rxe5 26. Rxe5 Nd7 27. Rd5 Nc5 28. Rxd4 b6 29. Bd2 Rc7 30. g3 Kg7 31. Bb4 Ne4 32. Rd8 g5 33. Bd6 Rc6 34. Be5+ f6 35. Rd7+ Kg6 36. Bd4 a6 37. fxg5 hxg5 38. Rb7 b5 39. Rb6 Rc8 40. cxb5 Rc1+ 41. Kg2 axb5 42. Rxb5 Rc2+ 43. Kg1 Rd2 ({Don't play} 43... Rxa2 44. b4) (43... f4 $19 {and Black stays clearly on top.} 44. gxf4 gxf4) 44. Be3 Rxa2 45. Rd5 Rb2 46. Rd3 Kh5 47. Bd4 Rc2 48. h3 g4 49. hxg4+ Kxg4 50. b4 Nxg3 51. Bf2 f4 $19 52. Be1 Kh3 53. Rd2 Rc1 54. Rh2+ Kg4 55. Kf2 Ne4+ 56. Kf1 f3 57. Rh4+ Kf5 58. Rh2 Kf4 59. Rb2 f2 0-1

[Event "DEN-chT XtraCon 2018-19"]
[Site "Denmark"]
[Date "2019.03.16"]
[Round "8"]
[White "Sylvan, Jacob"]
[Black "Skaanning-Pedersen, Kim Henrik"]
[Result "1/2-1/2"]
[ECO "B35"]
[WhiteElo "2330"]
[BlackElo "2200"]
[Annotator "NA"]
[PlyCount "57"]
[EventDate "2018.10.27"]
[EventType "team-tourn"]
[EventCountry "DEN"]
[SourceTitle "playchess.com"]
[Source "ChessBase"]
[SourceQuality "1"]
[TimeControl "40/5400+30:1800+30"]

1. e4 c5 2. Nf3 g6 3. d4 cxd4 4. Nxd4 Nc6 5. Be3 Bg7 6. Nc3 Nf6 7. Bc4 Qa5 8. O-O O-O 9. Bb3 d6 10. h3 Bd7 11. Re1 Rac8 12. f4 {[%emt 0:07:28] B35: Sicilian: Accelerated Dragon with 5 Nc3: main line} (12. Qd2 Qa6 13. f4 Rfd8 14. Rad1 b5 15. Ndxb5 Nxe4 16. Qd5 Nf6 17. Qxf7+ Kh8 18. Qc4 Qb7 19. Qe2 Rf8 {½-½ (47) Sasikiran,K (2669)-Matlakov,M (2714) Khanty-Mansiysk 2017}) 12... Nxd4 13. Bxd4 Bc6 14. Qe2 Nd7 15. e5 $146 ({Predecessor:} 15. Qf2 Bxd4 16. Qxd4 Qc5 17. Qxc5 Nxc5 18. e5 Rfd8 19. exd6 Rxd6 20. Rxe7 Nxb3 21. axb3 {½-½ (56) Bodek,M (2236)-Barros Rivadeneira,C (2116) Caldas Novas 2011}) 15... e6 16. Qe3 dxe5 17. fxe5 b5 18. a3 Nb6 19. Rad1 Rfd8 20. Qf2 Rd7 (20... Nc4 $11) 21. Ne4 Bxe4 $2 ({Black should try} 21... Nc4 $14) 22. Rxe4 $2 (22. Bxb6 $1 $18 Qxb6 23. Rxd7 Qxf2+ 24. Kxf2) 22... Rcd8 23. c3 Nc4 24. Rde1 Qc7 25. a4 Na5 26. Bd1 $17 (26. Bc2 $11) 26... Nc6 27. axb5 Nxd4 28. cxd4 Qb6 29. Rf1 1/2-1/2

[Event "DEN-chT XtraCon 2018-19"]
[Site "Denmark"]
[Date "2019.03.16"]
[Round "8"]
[White "Sahl, Bjarke"]
[Black "Rewitz, Poul"]
[Result "1-0"]
[ECO "B30"]
[WhiteElo "2322"]
[BlackElo "2227"]
[Annotator "NA"]
[PlyCount "75"]
[EventDate "2018.10.27"]
[EventType "team-tourn"]
[EventCountry "DEN"]
[SourceTitle "playchess.com"]
[Source "ChessBase"]
[SourceQuality "1"]
[TimeControl "40/5400+30:1800+30"]

1. e4 c5 2. Nf3 Nc6 3. c3 d5 4. exd5 Qxd5 5. d4 Bf5 6. Be3 Nf6 {[%emt 0:06:07] B22: Sicilian: 2 c3} (6... cxd4 7. Nxd4 Nf6 8. Nxf5 Qxf5 9. Bd3 Qd5 10. O-O O-O-O 11. Be2 Qxd1 12. Rxd1 Rxd1+ 13. Bxd1 Nd5 14. Bc1 {½-½ (41) Yeoh,L (2508)-Lagarde,M (2616) Stockholm 2018}) 7. c4 Qd8 8. Nc3 cxd4 9. Nxd4 Nxd4 10. Qxd4 Qxd4 11. Bxd4 e6 12. a3 $146 ({Predecessor:} 12. O-O-O a6 13. Bd3 Bxd3 14. Rxd3 {0-1 (63) Novikov,R (1992)-Glukhov,A (2236) Kazan 2018}) 12... Bd6 13. h3 O-O 14. g4 Bc2 15. Bg2 Rac8 16. Bxa7 Rxc4 17. O-O h5 18. Rfc1 Bg6 19. g5 Nh7 20. Be3 Bf4 21. Nd5 Rxc1+ (21... exd5 $11 22. Rxc4 Bxe3 23. Bxd5 Bxg5 24. Bxb7 Bf6) 22. Rxc1 Bxg5 23. Bxg5 Nxg5 24. Ne7+ Kh7 25. h4 $18 Be4 26. hxg5 Bxg2 27. Kxg2 Rd8 28. Rc7 b6 29. Rb7 Rd6 30. b4 Rd3 31. a4 Ra3 32. Ra7 e5 33. b5 e4 34. a5 bxa5 35. b6 Rb3 36. b7 Rb2 37. g6+ fxg6 38. Nc6 1-0

[Event "DEN-chT XtraCon 2018-19"]
[Site "Denmark"]
[Date "2019.03.16"]
[Round "8"]
[White "Kristensen, Leif"]
[Black "Jepson, Christian"]
[Result "0-1"]
[ECO "C24"]
[WhiteElo "2309"]
[BlackElo "2391"]
[Annotator "NA"]
[PlyCount "60"]
[EventDate "2018.10.27"]
[EventType "team-tourn"]
[EventCountry "DEN"]
[SourceTitle "playchess.com"]
[Source "ChessBase"]
[SourceQuality "1"]
[TimeControl "40/5400+30:1800+30"]

1. e4 e5 2. Bc4 Nf6 3. d3 c6 4. Nf3 d5 5. Bb3 a5 6. a3 {[%emt 0:03:12] C24: Bishop's Opening: 2...Nf6} (6. a4 Bb4+ 7. c3 Bd6 8. Bg5 dxe4 9. dxe4 h6 10. Bh4 O-O 11. O-O Na6 12. Nbd2 Qe7 13. Nc4 Bc7 {½-½ (30) Karjakin,S (2760)-Wei,Y (2739) Medias 2017}) 6... a4 7. Ba2 Bd6 8. Nc3 Be6 9. O-O O-O 10. Bg5 d4 11. Ne2 h6 12. Bh4 c5 $146 ({Predecessor:} 12... Nbd7 13. Ne1 g5 14. Bg3 Nc5 {½-½ (14) Staszko,M (2075)-Svoboda,P (1965) Ostrava 1998}) 13. Nd2 Nc6 14. Bxe6 fxe6 15. f4 exf4 16. Bxf6 Rxf6 17. c3 e5 18. cxd4 exd4 19. Rc1 Qe7 20. h3 Ne5 21. Nf3 b5 22. Kh1 Nxf3 23. Rxf3 Qe6 $17 24. Qd2 g5 25. Rcf1 Be5 26. Ng1 h5 27. h4 g4 28. Rxf4 Bxf4 29. Rxf4 Raf8 30. Ne2 g3 0-1

[Event "DEN-chT XtraCon 2018-19"]
[Site "Denmark"]
[Date "2019.03.16"]
[Round "8"]
[White "Pedersen, Nicolai Kvist Brond"]
[Black "Antonsen, Mikkel"]
[Result "1-0"]
[ECO "A48"]
[WhiteElo "2298"]
[BlackElo "2435"]
[Annotator "ChessBase"]
[PlyCount "69"]
[EventDate "2018.10.27"]
[EventType "team-tourn"]
[EventCountry "DEN"]
[SourceTitle "playchess.com"]
[Source "ChessBase"]
[SourceQuality "1"]
[TimeControl "40/5400+30:1800+30"]

1. d4 Nf6 2. Nf3 g6 3. c4 Bg7 4. g3 c6 5. Nc3 d5 6. cxd5 cxd5 7. Bg2 O-O 8. Ne5 Bf5 9. O-O Ne4 10. Qb3 Nc6 11. Rd1 Nxc3 12. bxc3 Nxe5 13. dxe5 Qc7 14. f4 Qc5+ 15. Kf1 Be4 16. Bxe4 dxe4 17. Ba3 Qc8 18. Rd4 Qf5 19. Qd5 e3 20. Bxe7 Rfe8 21. Bd6 Rac8 22. Rd3 Qh5 23. Qg2 Rc6 24. Rb1 Ra6 25. a3 Bf8 26. c4 Bxd6 27. exd6 Rc6 28. d7 Rd8 29. Rxb7 Rxc4 30. Rxe3 Rc1+ 31. Kf2 Qa5 32. Re8+ Kg7 33. Qf3 Qe1+ 34. Kg2 Rc2 35. Rxd8 1-0

[Event "DEN-chT XtraCon 2018-19"]
[Site "Denmark"]
[Date "2019.03.16"]
[Round "8"]
[White "Thogersen, Rasmus"]
[Black "Borge, Nikolaj"]
[Result "0-1"]
[ECO "B40"]
[WhiteElo "2298"]
[BlackElo "2372"]
[Annotator "NA"]
[PlyCount "58"]
[EventDate "2018.10.27"]
[EventType "team-tourn"]
[EventCountry "DEN"]
[SourceTitle "playchess.com"]
[Source "ChessBase"]
[SourceQuality "1"]
[TimeControl "40/5400+30:1800+30"]

1. e4 c5 2. Nf3 e6 3. d4 cxd4 4. Nxd4 Nf6 5. Nc3 Nc6 6. Ndb5 Bb4 7. a3 Bxc3+ 8. Nxc3 d5 9. exd5 exd5 10. Bd3 O-O 11. O-O d4 12. Ne2 Bg4 13. Bg5 h6 {[%emt 0:13:49] B45: Sicilian Four Knights} 14. Bh4 Bxe2 15. Qxe2 (15. Bxe2 Re8 16. Re1 Re4 17. Bg3 Qb6 18. b4 Rae8 19. Qd2 R4e7 20. Bf3 Ne4 21. Bxe4 Rxe4 22. Rxe4 Rxe4 {½-½ (53) Hovhannisyan,R (2621)-Kovalenko,I (2646) Tegernsee 2018}) 15... Re8 16. Qd2 Ne4 17. Qf4 $146 ({Predecessor:} 17. Bxe4 Qxh4 18. f3 Rad8 19. Rfe1 Ne5 20. b3 b6 21. Rad1 {½-½ (48) Ciuksyte,D (2327)-Porat,M (2299) Porto Carras 2011}) 17... g5 18. Qf5 Re5 19. Qf3 Nd2 20. Qh5 $19 gxh4 21. Qxh6 Ne4 22. f4 Re6 23. Qh5 Qf6 24. Rae1 Rae8 25. Qg4+ Qg7 26. Qxh4 Nd2 27. f5 Rxe1 28. Rxe1 Nf3+ 29. Kf2 Nxe1 0-1